 Dungeon Sprint DCSS version 0.27.1-3-gb3d3a73c9e (webtiles) character file.

Game seed: 9365863891674491927

4400000 raph the Axe Maniac (level 25, -89/257 HPs)
             Began as a Minotaur Warper on Oct 9, 2021.
             Was the Champion of Makhleb.
             Annihilated by a destroyer (170 damage)
             ... in the Dungeon (Sprint VIII: "Arena of Blood").
             The game lasted 00:02:41 (44 turns).

raph the Axe Maniac (Minotaur Warper)                 Turns: 44, Time: 00:02:42

Health: -89/257    AC:  6    Str: 18    XL:     25   Next: 29%
Magic:  24/53      EV: 32    Int: 10    God:    Makhleb [******]
Gold:   0          SH:  0    Dex: 20    Spells: 78/78 levels left

rFire    . . .     SeeInvis .   j - +∞ Axe of Woe
rCold    . . .     Faith    .   (shield currently unavailable)
rNeg     . . .     Spirit   .   b - +0 leather armour
rPois    .         Reflect  .   (helmet restricted)
rElec    .         Harm     .   (no cloak)
rCorr    .         Rampage  .   (no gloves)
Will     +....     NoTele   +   (no boots)
Stlth    ++++++++++             (no amulet)
HPRegen  0.52/turn              k - +30 ring of slaying
MPRegen  0.33/turn              l - +30 ring of slaying

@: no status effects
A: horns 2, retaliatory headbutt
a: Renounce Religion, Minor Destruction, Lesser Servant of Makhleb, Major
Destruction, Greater Servant of Makhleb


You were in the Dungeon.
You worshipped Makhleb.
Makhleb was exalted by your worship.
You visited 1 branch

Inventory:

Hand Weapons
 a - a +0 hand axe
 j - the +∞ Axe of Woe (weapon)
   (You found it in the Dungeon)
Missiles
 d - 5 boomerangs of dispersal (quivered)
Armour
 b - a +0 leather armour (worn)
Jewellery
 k - a +30 ring of slaying (left hand)
 l - a +30 ring of slaying (right hand)
Scrolls
 c - 2 scrolls of blinking
Potions
 e - a potion of curing
 g - a potion of haste
 h - 2 potions of magic
 i - a potion of berserk rage


   Skills:
 O Level 27 Fighting
 + Level 24.4(27) Short Blades
 + Level 26.0(27) Long Blades
 O Level 27 Axes
 + Level 24.3(27) Slings
 + Level 24.3 Bows
 + Level 24.2 Crossbows
 O Level 27 Throwing
 O Level 27 Armour
 O Level 27 Dodging
 O Level 27 Stealth
 O Level 27 Unarmed Combat
 O Level 27 Spellcasting
 O Level 27 Translocations
 O Level 27 Invocations
 + Level 21.1 Evocations


You had 78 spell levels left.
You didn't know any spells.
Your spell library contained the following spells:

 Spells                   Type           Power      Damage    Failure   Level
 Blink                    Tloc           N/A        N/A       0%          2
 Gell's Gravitas          Tloc           30%        N/A       0%          3
 Lesser Beckoning         Tloc           30%        N/A       0%          3
 Teleport Other           Tloc           61%        N/A       0%          3
 Manifold Assault         Tloc           61%        N/A       0%          5


Dungeon Overview and Level Annotations

Branches:
Dungeon (1/1)

Altars:
Makhleb


Innate Abilities, Weirdness & Mutations

You have a pair of horns on your head.
You reflexively headbutt those who attack you in melee.


Message History

You hear a shout! x2
The destroyer blinks!
Your base Short Blades skill gained 2 levels and is now at level 22!
Your base Long Blades skill gained 3 levels and is now at level 24!
Your base Slings skill gained 2 levels and is now at level 22!
Your Bows skill gained 2 levels and is now at level 22!
Your Crossbows skill gained 2 levels and is now at level 22!
Your Evocations skill gained 2 levels and is now at level 19!
You have reached level 25!
You chop the destroyer into pieces!!!
You fatally mangle the destroyer.
You destroy the destroyer!
Makhleb accepts your kill.
The sculptor of flesh appears out of thin air!
A sculptor of flesh comes into view. It is wielding a +9 great sword.
You are engulfed in blazing flames.
You hear a shout! x3
The bag of meat is engulfed in blazing flames.
You hear a shout! x2
The meat berserker hits you with a +9 battleaxe!!!
* * * LOW HITPOINT WARNING * * *
Your base Short Blades skill gained 2 levels and is now at level 24!
Your base Long Blades skill gained 2 levels and is now at level 26!
Your base Slings skill gained 2 levels and is now at level 24!
Your Bows skill gained 2 levels and is now at level 24!
Your Crossbows skill gained 2 levels and is now at level 24!
Your Evocations skill gained 2 levels and is now at level 21!
Unknown command.
Press < or > to pray at altars.
Okay, then.
A sculptor of flesh comes into view. It is wielding a +9 great sword.
You hear a shout! x7
The bag of meat is engulfed in blazing flames.
The bag of meat misses you. You furiously retaliate!
You headbutt the bag of meat!!!
You hear a shout! x2
You feel much better.
You hear a shout! x2
The destroyer hits you with a +9 vorpal great sword!!!!!
Ouch! That really hurt!
You die...

......... o...
#.......# .....
#.....zz# .....
.###.. ...o###o....
.....z###oOo.......
....._)oO.Oo.....
.#....)#o.z....# .
#_.zO§#...§....
....#..V@o#O.§...#.
......)O§§§........
......###).○......#
.###...))☼)###.....
#...)))°# .....
#.......# .....
............ ....
............. ...
.............#


You could see a destroyer, 4 sculptors of flesh, 2 large bags of meat, 2 meat
berserkers and 5 bags of meat.

Vanquished Creatures
  4 vampire knights (D)
  13 ogres (D)
  2 two-headed ogres (D)
  22 orcs (D)
  A skeletal warrior (D)
42 creatures vanquished.

Notes
Turn   | Place    | Note
-------+----------+-------------------------------------------
     0 | D        | Found the +∞ Axe of Woe
     0 | D        | raph the Minotaur Warper began the quest for the Orb.
     0 | D        | Reached XP level 1. HP: 18/18 MP: 1/1
     1 | D        | Noticed a meat berserker
     1 | D        | Noticed a bag of meat
     2 | D        | Noticed a meat berserker
     2 | D        | Noticed a bag of meat
     4 | D        | Became a worshipper of Makhleb the Destroyer
     4 | D        | Noticed a bag of meat
     5 | D        | Killed a meat berserker
     5 | D        | Killed a bag of meat
     5 | D        | Reached * piety under Makhleb
     5 | D        | Noticed a bag of meat
     6 | D        | Reached skill level 15 in Throwing
     6 | D        | Reached XP level 2. HP: 52/52 MP: 3/3
     6 | D        | Reached XP level 3. HP: 59/59 MP: 4/4
     6 | D        | Reached XP level 4. HP: 68/68 MP: 5/5
     6 | D        | Reached XP level 5. HP: 74/74 MP: 6/6
     6 | D        | Reached XP level 6. HP: 82/82 MP: 7/7
     6 | D        | Reached XP level 7. HP: 89/89 MP: 8/8
     6 | D        | Reached XP level 8. HP: 97/97 MP: 9/9
     6 | D        | Reached XP level 9. HP: 104/104 MP: 10/10
     6 | D        | Reached XP level 10. HP: 112/112 MP: 11/11
     6 | D        | Reached XP level 11. HP: 118/118 MP: 12/12
     6 | D        | Reached XP level 12. HP: 127/127 MP: 13/13
     6 | D        | Reached XP level 13. HP: 134/134 MP: 14/14
     6 | D        | Killed a meat berserker
     7 | D        | Reached XP level 14. HP: 147/147 MP: 15/15
     8 | D        | Killed a bag of meat
     8 | D        | Noticed a bag of meat
     9 | D        | Reached skill level 27 in Axes
     9 | D        | Reached XP level 15. HP: 157/157 MP: 16/16
     9 | D        | Noticed a meat berserker
    11 | D        | Noticed a meat berserker
    12 | D        | Reached ** piety under Makhleb
    12 | D        | Noticed a meat berserker
    13 | D        | Noticed a large bag of meat
    14 | D        | Killed a meat berserker
    14 | D        | Reached *** piety under Makhleb
    15 | D        | Reached XP level 16. HP: 182/182 MP: 17/17
    15 | D        | Reached XP level 17. HP: 190/190 MP: 18/18
    15 | D        | Killed a meat berserker
    15 | D        | Reached **** piety under Makhleb
    15 | D        | Noticed a meat berserker
    16 | D        | Reached skill level 27 in Fighting
    16 | D        | Reached skill level 27 in Throwing
    16 | D        | Reached skill level 27 in Armour
    16 | D        | Reached skill level 27 in Dodging
    16 | D        | Reached skill level 10 in Unarmed Combat
    17 | D        | Reached XP level 18. HP: 200/200 MP: 18/29
    17 | D        | Killed a meat berserker
    17 | D        | Reached ***** piety under Makhleb
    17 | D        | Noticed a large bag of meat
    17 | D        | Noticed a meat berserker
    18 | D        | Reached XP level 19. HP: 207/207 MP: 18/33
    19 | D        | Reached skill level 27 in Unarmed Combat
    19 | D        | Reached skill level 27 in Invocations
    19 | D        | Noticed a meat berserker
    20 | D        | Reached ****** piety under Makhleb
    21 | D        | Reached XP level 20. HP: 216/216 MP: 18/36
    23 | D        | Reached skill level 27 in Stealth
    23 | D        | Noticed a large bag of meat
    24 | D        | Noticed a destroyer
    26 | D        | Killed a meat berserker
    27 | D        | Reached skill level 15 in Translocations
    27 | D        | Reached XP level 21. HP: 180/224 MP: 19/37
    27 | D        | Killed a large bag of meat
    27 | D        | Noticed a destroyer
    35 | D        | Killed a destroyer
    36 | D        | Reached XP level 22. HP: 110/233 MP: 22/48
    36 | D        | Noticed a destroyer
    36 | D        | Killed a destroyer
    37 | D        | Reached skill level 27 in Spellcasting
    37 | D        | Reached skill level 27 in Translocations
    37 | D        | Reached XP level 23. HP: 191/240 MP: 22/53
    38 | D        | Reached skill level 15 in Long Blades
    38 | D        | Noticed a destroyer
    38 | D        | Killed a destroyer
    38 | D        | Noticed a large bag of meat
    39 | D        | Reached skill level 15 in Evocations
    39 | D        | Reached XP level 24. HP: 249/249 MP: 22/53
    39 | D        | Noticed a destroyer
    41 | D        | Killed a large bag of meat
    42 | D        | Reached XP level 25. HP: 115/257 MP: 23/53
    42 | D        | Killed a destroyer
    44 | D        | Annihilated by a destroyer

Illustrated notes

Levels and vault maps discovered:
D:        meatsprint

Skill      XL: |  1  2  3  4  5  6  7  8  9 10 11 12 13 14 15 16 17 18 19 20 21 22 23 24 25 |
---------------+----------------------------------------------------------------------------+-----
Fighting       | 17 19 20 26 27 | 27.0
Axes           | 23 26 27 | 27.0
Throwing       | 15 17 18 23 27 | 27.0
Armour         | 17 19 20 26 27 | 27.0
Dodging        | 16 18 19 25 27 | 27.0
Unarmed Combat | 17 23 27 | 27.0
Invocations    | 16 22 27 | 27.0
Stealth        | 24 27 | 27.0
Spellcasting   | 13 23 27 | 27.0
Translocations | 15 25 27 | 27.0
Short Blades   | 11 18 22 24 | 24.4
Long Blades    | 12 19 24 26 | 26.0
Slings         | 11 18 22 24 | 24.3
Bows           | 11 18 22 24 | 24.3
Crossbows      | 11 18 22 24 | 24.2
Evocations     | 9 15 19 21 | 21.1

Action                   |  1- 3 |  4- 6 |  7- 9 | 10-12 | 13-15 | 16-18 | 19-21 | 22-24 | 25-27 || total
-------------------------+-------+-------+-------+-------+-------+-------+-------+-------+-------++-------
Melee: Executioner's axe |     1 |       |       |       |     4 |     3 |     9 |     5 |     1 ||    23
  Use: Potion            |       |       |       |       |       |       |       |       |     1 ||     1
Dodge: Dodged            |       |       |       |       |       |       |     1 |       |     1 ||     2
